[Event "14th Karen Asrian Memorial 2024"]
[Site "Yerevan"]
[Date "2024.04.26"]
[Round "3.2"]
[White "Sahakyan, Aleks"]
[Black "Ohanyan, Emin"]
[Result "0-1"]
[ECO "A14"]
[WhiteElo "2339"]
[BlackElo "2488"]
[Annotator "TA"]
[PlyCount "78"]
[EventDate "2024.04.24"]
[EventType "swiss"]
[EventCountry "ARM"]
[SourceTitle "playchess.com"]
[Source "ChessBase"]
[SourceQuality "1"]
[TimeControl "40/5400+30:1800+30"]

1. c4 e6 2. g3 d5 3. Bg2 Nf6 4. Nf3 Be7 5. O-O O-O 6. b3 d4 7. e3 c5 8. Ne5 {[%emt 0:00:06] Inhibits Nc6.} Qc7 9. f4 Nbd7 {[%emt 0:00:10] The position is equal.} 10. Na3 (10. Nd3 $11) 10... a6 (10... Nxe5 $15 11. Nb5 Qb8 12. fxe5 Qxe5 13. exd4 cxd4) 11. Nd3 $11 e5 12. g4 (12. Bb2 {feels stronger.}) 12... exf4 $1 13. exf4 (13. g5 $11 {remains equal.}) 13... h6 (13... g6 $5) 14. Nc2 Rb8 15. Ba3 g6 16. Qf3 Bd6 17. Rac1 (17. b4 $15) 17... b6 18. Qc6 Bb7 19. Qxc7 Bxc7 20. Bxb7 Rxb7 21. Rce1 (21. h3 $15 {is superior.}) 21... Nxg4 $17 22. b4 Bd6 $36 {[%emt 0:13:33][%mdl 2048] Black is in control.} 23. bxc5 Nxc5 ({But not} 23... bxc5 $6 24. Nxd4 Rc7 25. Nb3 $11) 24. Ne5 Bxe5 25. fxe5 {[%emt 0:00:17][%cal Oh2h3] Black must now prevent h3!} Re8 26. Nxd4 Nxe5 {[%emt 0:01:09] Threatens to win with ...Rd7. A dynamic duo of knights.} 27. Kh1 {[%emt 0:00:31] This costs White the game.} (27. Re3 $17 Rbe7 28. Rfe1) 27... Rbe7 28. Nb3 Nxc4 29. Rxe7 Rxe7 30. Bxc5 bxc5 $19 {[%emt 0:00:04][%mdl 4096] Endgame. KRN-KRN} 31. Rc1 Ne5 32. Rxc5 {[%emt 0:00:40] [#]} (32. Nxc5 $142 Nf3 33. Rc3 Re1+ (33... Nxd2 $2 34. Nxa6 Re1+ 35. Kg2 $19) 34. Kg2 Nxd2 35. Rd3 Re2+ 36. Kg1) 32... Nf3 $1 {[%emt 0:00:07] ( -> ...Re2)} 33. Kg2 {[%emt 0:01:11] [#]} Nxd2 34. Nd4 (34. Nxd2 Re2+) 34... Rd7 35. Nc2 Rb7 36. Rd5 Ne4 37. a3 Rb2 {[%emt 0:00:25] Black has a decisive advantage.} 38. Rd8+ Kg7 39. Rc8 Nd6 {[%emt 0:00:38] Weighted Error Value: White=0.24 (precise) /Black=0.11 (very precise) .  Mistake:       	White=7     	Black=1      Inaccurate:     	White=1     	Black=3      OK:         	White=9     	Black=11     Best:        	White=3     	Black=3      Strong:       	---       	Black=2      Brilliant:      	---       	Black=1} 0-1

[Event "14th Karen Asrian Memorial 2024"]
[Site "Yerevan"]
[Date "2024.04.26"]
[Round "3.3"]
[White "Davtyan, Artur"]
[Black "Hayrapetyan, Edgar"]
[Result "1-0"]
[ECO "B42"]
[WhiteElo "2474"]
[BlackElo "2340"]
[Annotator "TA"]
[PlyCount "67"]
[EventDate "2024.04.24"]
[EventType "swiss"]
[EventCountry "ARM"]
[SourceTitle "playchess.com"]
[Source "ChessBase"]
[SourceQuality "1"]
[TimeControl "40/5400+30:1800+30"]

1. e4 c5 2. Nf3 e6 3. d4 cxd4 4. Nxd4 a6 5. Bd3 Bc5 6. Nb3 Ba7 7. Qe2 Ne7 8. h4 Nbc6 9. h5 h6 {[%emt 0:00:05] The position is equal.} 10. Qg4 Rg8 11. Qg3 d6 12. Nc3 Qc7 13. Be3 Bxe3 14. Qxe3 e5 15. Nd5 Nxd5 16. exd5 Nb4 17. Qe4 Nxd3+ 18. cxd3 Qe7 (18... f5 $11 {remains equal.} 19. Qf3 Rf8) 19. Rc1 $16 g6 20. hxg6 Rxg6 21. Qe3 Qf6 22. Rc7 Kf8 23. Nd2 Qd8 24. Rc4 {[%emt 0:01:07] White is much more active.} Kg7 25. Rch4 $36 {[%emt 0:00:01][%mdl 2048] White has some pressure.} Qh8 {[%emt 0:05:33] A mistake that costs the game.} (25... Qg5 $14) 26. Nc4 $18 {[%emt 0:01:37][%cal Oc4d6] [#] Black must now prevent Nxd6!} Bd7 27. g4 Bxg4 28. Nxd6 h5 {[%emt 0:06:58] [#]} (28... Rxd6 {is a better chance.} 29. Rxg4+ (29. Qxe5+ Kh7 $18) 29... Kf8) 29. Nf5+ $2 (29. Nxb7 Qh6 $14) (29. f3 $1 Qd8 30. Ne4 (30. Qxe5+ Kf8 $18) (30. Nxb7 Qb6 $14)) 29... Kf6 $2 (29... Bxf5 {is tougher.} 30. Rxh5 Qb8 (30... Qc8 $2 31. Qxe5+ Rf6 32. Qg3+ Rg6 33. Qf4 $18) 31. Rxf5 Qc7 32. Qxe5+ (32. Rxe5 Rc8 $16) 32... Qxe5+ 33. Rxe5 Rd8) 30. Ng3 Qf8 31. a3 {[%emt 0:00:25] Dodges Qb4+} Ke7 (31... Rd8 $142 32. f3 (32. Nxh5+ Bxh5 33. Rxh5 Rxd5 $16) 32... Qh6 33. Qxh6 (33. Nxh5+ Bxh5 34. f4 exf4 $18) 33... Rxh6 34. fxg4 Rxd5) 32. f3 ({Weaker is} 32. Qxe5+ Kd7 33. Kd2 (33. Nxh5 $2 {loses.} Re8 $19) 33... Re8 $14) 32... Bd7 33. Rxh5 Qg7 34. Qc5+ {[%emt 0:00:24] Weighted Error Value: White=0.41/Black=0.79.  Loses game:     	---       	Black=1      Mistake:       	White=1     	Black=4      Inaccurate:     	White=4     	Black=1      OK:         	White=8     	Black=6      Best:        	White=3     	Black=1} (34. Qxe5+ Qxe5+ 35. Rxe5+ Kf6 $19) 1-0

[Event "14th Karen Asrian Memorial 2024"]
[Site "Yerevan"]
[Date "2024.04.26"]
[Round "3.4"]
[White "Shahinyan, David"]
[Black "Babujian, Levon"]
[Result "1-0"]
[ECO "B22"]
[WhiteElo "2441"]
[BlackElo "2338"]
[Annotator "TA"]
[PlyCount "75"]
[EventDate "2024.04.24"]
[EventType "swiss"]
[EventCountry "ARM"]
[SourceTitle "playchess.com"]
[Source "ChessBase"]
[SourceQuality "1"]
[TimeControl "40/5400+30:1800+30"]

1. e4 c5 2. c3 d5 3. exd5 Qxd5 4. d4 Nc6 5. Nf3 e6 6. Na3 cxd4 7. Nb5 Bd6 $1 {[%emt 0:07:48] [#]} 8. Bc4 $1 Qe4+ {[%emt 0:00:57] [#]} 9. Be3 $1 Bb8 10. cxd4 {[%emt 0:05:59] White is slightly better.} (10. Nfxd4 Qxg2 11. Rf1 Nge7 (11... Bxh2 12. Nxc6 Qxc6 13. Qg4 $11) (11... Qxh2 12. Qd2 $11) 12. Nxc6 Qxc6 $15) (10. Nbxd4 {simplifies} Nxd4 11. Qxd4 Qxd4 12. Bxd4 Nf6 13. Bb5+) 10... Nf6 11. O-O O-O 12. Re1 Qf5 13. Bd3 (13. Bg5 $14) 13... Qh5 $11 14. h3 Rd8 15. Bg5 a6 16. Bxf6 gxf6 17. Nc3 f5 {[%emt 0:03:57] [#] Wards off Re4} 18. d5 $1 exd5 19. Qb3 d4 (19... Qg6 $11) 20. Nd5 $16 {[%emt 0:01:33] Nf6+ would now be deadly.} Kh8 {[%emt 0:07:02] [#]} (20... Qh6 $142) 21. Nb6 $1 $36 {[%emt 0:04:32][%mdl 2048] Keeping Black busy. A dynamic duo of knights.} Rg8 22. Bf1 {[%emt 0:01:08] White has more active pieces.} Ra7 23. Nxc8 Rxc8 24. Rac1 Rd8 ({Better is} 24... Rg8) 25. Rc5 Bd6 $2 {[%emt 0:02:32] [#] Loses the game.} (25... Rg8 $16 26. Qd3 Qg6 27. Rxf5 (27. Qxf5 Rd8 $16) 27... b5) 26. g4 $1 $18 Rg8 (26... Qg6 27. Rxf5) 27. Bg2 Qg6 28. Rxf5 {[%emt 0:00:04] White is clearly winning.} b5 29. Nh4 Qh6 30. Rh5 (30. Rxf7 Na5 31. Qd5 (31. Nf5 Qd2 $11) 31... Rxf7 32. Qxf7 Qxh4 $11) 30... Qd2 31. Rd1 Qf4 32. Qc2 f5 33. Rxf5 Qh2+ 34. Kf1 Ne5 {[%emt 0:00:11] Wards off Nf3} 35. Qe4 (35. Rxd4 Rc7 36. Qd2 Be7) 35... d3 (35... Rag7 $142 36. Rh5 (36. Rxd4 Be7 $18) 36... Rf8 37. Qxd4 (37. Rxd4 Be7 $18) 37... Bb8) 36. Qd4 Rd7 37. Nf3 Bb8 38. Qxd7 {[%emt 0:00:30] Weighted Error Value: White=0.16 (very precise) /Black=0.38.  Loses game:     	---       	Black=1      Mistake:       	White=1     	Black=4      Inaccurate:     	White=1     	Black=1      OK:         	White=13    	Black=13     Best:        	White=3     	Black=1      Strong:       	White=1     	---        Brilliant:      	White=1     	---} ({Stronger than} 38. Rxe5 Rxd4 39. Nxh2 Bxe5 $11) 1-0

[Event "14th Karen Asrian Memorial 2024"]
[Site "Yerevan"]
[Date "2024.04.26"]
[Round "3.5"]
[White "Hayrapetyan, Hovik"]
[Black "Chaqryan, Erik"]
[Result "1-0"]
[ECO "E63"]
[WhiteElo "2432"]
[BlackElo "2326"]
[Annotator "TA"]
[PlyCount "153"]
[EventDate "2024.04.24"]
[EventType "swiss"]
[EventCountry "ARM"]
[SourceTitle "playchess.com"]
[Source "ChessBase"]
[SourceQuality "1"]
[TimeControl "40/5400+30:1800+30"]

1. d4 Nf6 2. c4 g6 3. Nc3 Bg7 4. Nf3 O-O 5. g3 d6 6. Bg2 Nc6 7. d5 Na5 8. b3 a6 9. Bb2 Rb8 10. O-O b5 11. cxb5 axb5 12. Rc1 b4 13. Nb1 e5 14. Ne1 h5 15. Qd2 h4 16. Nc2 hxg3 17. hxg3 Ng4 18. Nxb4 Bh6 19. f4 c5 20. Nd3 c4 21. bxc4 Qb6+ 22. c5 dxc5 23. Ba3 Nb7 24. Nxc5 Nd6 25. Bf3 Nb5 26. Bb2 Nd4 27. Bxd4 exd4 28. Qxd4 Bg7 29. Qd2 Qa7 30. Rc2 Bf5 31. e4 Rfc8 32. Rfc1 Rxc5 33. Rxc5 Rxb1 34. Rxb1 Qxc5+ 35. Kg2 Ne3+ 36. Kh1 Bg4 37. Bxg4 Nxg4 38. e5 Qc4 39. Re1 Bf8 40. d6 Qc6+ 41. Qg2 Qc3 42. Rf1 Qd3 $2 ({Black should try} 42... f5 $1 $14) 43. Qf3 $1 $18 Qf5 44. Kg1 $2 (44. Re1 $1 $18) 44... Bxd6 $1 $11 45. exd6 Qc5+ 46. Kg2 (46. Kh1 $2 Qh5+ 47. Kg2 Qh2#) 46... Qc2+ 47. Rf2 $1 (47. Kh3 $2 Qh2+ 48. Kxg4 Qh5#) 47... Nxf2 48. Qxf2 Qc6+ 49. Kh2 (49. Qf3 Qxd6 50. f5 Qd2+ 51. Qf2 Qd5+ (51... Qxf2+ 52. Kxf2 Kf8 53. fxg6 fxg6 54. Kf3 Kf7 55. Kf4 Kf6 56. a4) 52. Kh2 gxf5) 49... Qxd6 50. a4 Qd5 51. Qe2 Kh7 52. Qg2 Qa5 $1 53. Qa2 Kg8 54. Qc2 Qh5+ 55. Kg2 Qd5+ 56. Kf2 Qh1 57. Qb3 Qh2+ 58. Kf3 Qh1+ 59. Ke3 Qg1+ 60. Ke4 Qc5 61. Qb5 Qc2+ 62. Kd5 Qg2+ 63. Kc5 Qxg3 64. Qe8+ Kg7 65. Qe5+ f6 66. Qe7+ Kg8 67. Qd8+ Kg7 68. a5 Qe3+ 69. Qd4 Qe6 70. Qd6 Qe3+ 71. Kc6 g5 $2 (71... Qe2 $14) 72. fxg5 $18 fxg5 {[%emt 0:01:09] [#]} 73. a6 $1 g4 74. Qd7+ Kh6 $2 {[%emt 0:00:38] [#]} (74... Kh8 $18 75. a7 (75. Qxg4 Qc3+ 76. Kb5 Qe5+ 77. Kc4 Qc7+ 78. Kd3 Qh7+ 79. Kc3 Qc7+ 80. Qc4 Qg3+ 81. Kb4 Qd6+ 82. Kb3 Kg7 $16) 75... Qc3+ 76. Kb6 Qb4+ 77. Qb5 Qd6+ 78. Qc6 Qb4+ 79. Kc7 Qf4+ 80. Kd8 Qg5+ 81. Kc8 Qg8+ 82. Kc7 Qg7+ 83. Kb8 Qe5+ 84. Kc8 Qf5+ 85. Kb7 Qf7+ 86. Kb8 Qf4+ 87. Qc7 Qb4+ 88. Kc8 Qe4 89. Qh2+ Kg7 90. Qb2+ Kg6 91. Qb6+ Kh5 92. Qa5+ Kg6) 75. a7 $1 Qc1+ 76. Kb7 Qb2+ 77. Kc7 1-0

[Event "14th Karen Asrian Memorial 2024"]
[Site "Yerevan"]
[Date "2024.04.26"]
[Round "3.6"]
[White "Danielyan, Vahe"]
[Black "Andriasian, Zaven"]
[Result "1-0"]
[ECO "B51"]
[WhiteElo "2331"]
[BlackElo "2570"]
[Annotator "TA"]
[PlyCount "111"]
[EventDate "2024.04.24"]
[EventType "swiss"]
[EventCountry "ARM"]
[SourceTitle "playchess.com"]
[Source "ChessBase"]
[SourceQuality "1"]
[TimeControl "40/5400+30:1800+30"]

1. e4 c5 2. Nf3 d6 3. Bb5+ Nc6 4. O-O Bd7 5. Re1 a6 6. Bf1 g6 7. c3 Bg4 8. d4 Bxf3 9. gxf3 Bg7 {[%emt 0:05:35][%cal Rc5d4] White has an edge.} 10. Be3 (10. d5 $14 Na5 11. Bg5) 10... cxd4 $11 11. cxd4 Nf6 (11... e6 $5) 12. Nd2 (12. d5 $14 Ne5 13. a4) 12... d5 13. e5 Nd7 14. Qb3 Nb6 15. a4 {[%emt 0:04:14] a5 is the strong threat.} a5 16. Bb5 O-O 17. Bxc6 bxc6 18. Rec1 Rc8 19. Rc3 Nd7 20. Rac1 Rb8 21. Qc2 c5 22. f4 (22. dxc5 $15 Nxe5 (22... Bxe5 23. c6 $16) 23. c6) 22... Rb4 $1 $17 23. dxc5 (23. Nf3 $17 c4 24. Nd2) 23... d4 $19 24. Rd3 dxe3 25. c6 (25. fxe3 $142 Qc7 26. c6) 25... exf2+ $2 (25... exd2 $19 26. Qxd2 Bh6 27. Rxd7 Qc8) 26. Kf1 $11 Qa8 27. Rxd7 Rxf4 28. Qc5 Rc8 ({Better is} 28... Rxa4 $14 29. Nc4 Bh6) 29. e6 $2 (29. b3 $18 {[%cal Od7a7] Black must now prevent Ra7!} Bh6 30. Ra7 (30. Rxe7 Rf8 $16)) 29... Bf6 $1 (29... Bxb2 $2 30. Rc4 $18 (30. Qxe7 Rf8 $11) (30. Qxe7 Rf8 $11)) (29... fxe6 30. Qxe7 Bd4 31. Rc4 (31. Qxh7+ Kf8 32. Rc4 Qa6 33. Qh6+ Kg8 34. Qxf4 Rf8 35. Qh6 Qxc4+ 36. Nxc4 Rf5 37. Qh7+ Kf8 38. Rd8#) 31... Qa6 32. c7 (32. Qxe6+ Kh8 33. Qe7 Kg8 34. Qxh7+ Kf8 35. Qh6+ Kg8 36. Qxf4 Rf8 37. Qh6 Qxc4+ 38. Nxc4 Rf3 39. Qh7+ Kf8 40. Rd8#) (32. Qxh7+ Kf8 33. Qe7+ Kg8 34. c7 Qd6 35. Qxd6 Rg4 36. Qxe6+ Kh8 37. Qxg4 Bg7 38. Qxg6 Rg8 39. Qh5+ Bh6 40. Qxh6#) 32... Qa8 33. Ne4 (33. Rcxd4 Qh1+ 34. Ke2 f1=Q+ 35. Nxf1 Qxf1+ 36. Ke3 Rf3+ 37. Kd2 Rf2+ 38. Kc3 Qc1+ 39. Kd3 Qc2+ 40. Ke3 Qe2#) (33. Rd8+ Rxd8 34. cxd8=R+ Qxd8 35. Qxd8+ Kg7 36. Rxd4 Rf7 37. Qxa5 Kh8 38. Qe5+ Kg8) (33. Rcxd4 Qh1+ 34. Ke2 f1=Q+ 35. Nxf1 Qxf1+ 36. Ke3 Rf3+ 37. Kd2 Rf2+ 38. Kc3 Qc1+ 39. Kd3 Qc2+ 40. Ke3 Qe2#) (33. Rd8+ Rxd8 34. cxd8=Q+ Qxd8 35. Qxd8+ Kg7 36. Rxd4 Rxd4 37. Qxd4+ Kf7)) 30. exf7+ Kg7 {[%emt 0:00:00] Black is weak on the light squares} (30... Kxf7 $11 {remains equal.} 31. Rc2 Kg7 (31... Rxa4 32. Qd5+ Kf8 33. h3 $17)) 31. b3 $1 $16 {[%emt 0:01:14] Active counter play!} Rb4 (31... Rf5 $16 {might work better.} 32. Qb6 Bb2) 32. Ra7 $40 {[%emt 0:03:02][%cal Bd7a7,Ba7a5,Ba5b5][%mdl 160] White attacks with force.} (32. Qxf2 $2 Rxc6 (32... Kxf7 33. Ra7 $16) 33. Rxc6 Qxc6 $19) (32. Kxf2 $6 Qa6 $16) 32... Qb8 33. c7 (33. Qxf2 $2 Rf4 (33... Kxf7 34. c7 $16) 34. Nf3 Qxb3 $19 (34... Kxf7 35. Rb7 $15) (34... Rxf3 $2 35. Qxf3 Qxa7 36. Rc4 $19)) (33. Qxa5 Qxh2 34. Qxb4 Qg1+ 35. Ke2 Qxc1 36. Kxf2 Rxc6 $19 (36... Qxc6 $2 37. Rxe7 Bxe7 38. Qxe7 $19)) 33... Qb6 34. Qxb6 (34. Qxf2 $2 Qxf2+ (34... Kxf7 35. Qxb6 Rxb6 36. Rxa5 $18) 35. Kxf2 Bd4+ (35... Kxf7 36. Rxa5 Ke6 37. Rc4 $16) 36. Ke2 Bxa7 $19) (34. Rxa5 Rxc7 35. Qxc7 Qe3 36. f8=Q+ Kxf8 $17) 34... Rxb6 35. Rxa5 (35. Kxf2 $6 Bg5 36. Rf1 Rc6 $14 (36... Bxd2 37. Ke2 $14)) 35... Re6 $2 (35... Rb7 {is a better defense.} 36. Rac5 (36. Kxf2 Rbxc7 37. Rxc7 Rxc7 $16) 36... Bd4) 36. Nf3 (36. Kxf2 Bd4+ 37. Kf1 Kxf7 $16) 36... g5 $2 (36... Kxf7 37. Rd5 (37. Kxf2 Ke8 $18) 37... Ke8) 37. h3 (37. Nxg5 $2 Re1+ 38. Kxf2 (38. Rxe1 $2 fxe1=Q+ 39. Kxe1 Bc3+ 40. Kd1 Bxa5 $19) 38... Rxc1 $19) 37... h5 $2 (37... Kxf7 38. Rc4 (38. Nxg5+ Bxg5 39. Rxg5 Re1+ 40. Rxe1 fxe1=N $18) (38. Kxf2 Ke8 $18) 38... Ke8 39. Kxf2 (39. Nxg5 Re5 $18) 39... Kd7) 38. Rc4 (38. Nxg5 $2 Re1+ 39. Kxf2 (39. Rxe1 $2 fxe1=Q+ 40. Kxe1 Bc3+ 41. Ke2 Bxa5 $19) 39... Rxc1 $19) 38... g4 39. hxg4 hxg4 {[%emt 0:00:01] [#]} 40. Rb5 $2 g3 $2 (40... gxf3 41. Rb8 (41. Kxf2 Kxf7 42. Rb8 Rxc7 $16) 41... Re1+ 42. Kxf2 Kxf7 43. Rxc8 $18 (43. Kxe1 Rxc7 44. Rxc7 Bh4+ 45. Kf1 Kf6 $18)) (40... Kxf7 41. Rb8 (41. Rxg4 Rxc7 42. Ng5+ Bxg5 $11) 41... Rxc7 42. Rxc7 gxf3 43. Kxf2 Be5) 41. Rb8 Rd6 42. Rc1 (42. Rxc8 Rd1+ (42... Kxf7 43. Rd8 g2+ 44. Kxg2 Bg7 45. Rxd6 exd6 46. c8=Q f1=B+ 47. Kxf1) 43. Kg2 f1=Q+ 44. Kxg3 Be5+ (44... Kxf7 $2 45. Rd8 $18) 45. Nxe5 Qg1+ 46. Kf3 Rf1+ 47. Ke4 Qg2+ 48. Kd4 Qb2+ 49. Rc3 (49. Kd5 Rd1+ 50. Kc5 Qxe5+ 51. Kb6 Rd6+ 52. Rc6 Qe3+ 53. Kb7 Qxb3+ 54. Ka7 Qxa4+ 55. Kb8 Kxf7 $17) 49... Qd2+ 50. Nd3 (50. Kc4 Rf4+ 51. Kb5 Qd5+ 52. Ka6 Rf6+ $15) 50... Rf4+ 51. Kd5 Qxc3 $11) 42... Rdd8 43. Rxc8 (43. cxd8=R $2 Rxc1+ 44. Kg2 f1=Q+ $19) 43... Rxc8 {[%emt 0:00:06][%mdl 4096] Endgame. KRB-KRN} 44. b4 e5 45. Rc6 $2 (45. f8=R $18 Kxf8 46. b5) 45... Kxf7 $11 {[%emt 0:04:19] aiming for ...e4.} 46. Nd2 {[%emt 0:00:45] The board is on fire.} Bh4 $2 (46... e4 $14 47. Nxe4 Be5) 47. Kg2 $18 {[%emt 0:01:04] Hoping for b5.} Ke7 48. b5 {[%emt 0:02:30] Threatens to win with Nf3.} Kd7 49. Nf3 e4 50. Nxh4 {[%emt 0:00:29] KRN-KR} (50. Ne5+ $142 Ke7 51. b6 Rg8 52. Ng6+ (52. c8=R f1=Q+ 53. Kxf1 g2+ 54. Ke2 Rxc8 $11) 52... Kd7 53. b7 Kxc6 54. c8=Q+ (54. c8=R+ Kxb7 55. Rxg8 Bg5 $18) 54... Rxc8 55. bxc8=Q+ Kd5 56. Nxh4) 50... e3 {[%emt 0:00:08] [#]} 51. Rc2 $1 (51. Kxg3 f1=Q (51... f1=R $2 52. Ng6 $19) 52. Nf3 Rg8+ (52... Rxc7 $2 53. Ne5+ Kc8 54. Nf3 $19) (52... Qf2+ 53. Kg4 Rg8+ 54. Kf4 e2 55. c8=R Rxc8 56. Ke4 Re8+ 57. Ne5+ Rxe5+ 58. Kd3 e1=Q 59. Rc7+ Kxc7 60. b6+ Kxb6 61. a5+ Kc5 62. a6 Qf5#) 53. Kf4 e2 54. Ke3 Re8+ (54... e1=R+ 55. Nxe1 Qxe1+ 56. Kd3 Rg3+ 57. Kc2 Qe2+ 58. Kb1 Rg1+ 59. Rc1 Qd3+ 60. Ka2 Rg2+ 61. Ka1 Qa3+ 62. Kb1 Rb2#) 55. Kd2 Qxf3 56. Rc1 Qe3+ (56... Qf4+ 57. Kc2) 57. Kc2 Qxc1+ (57... e1=B 58. Rd1+ Kxc7 59. Rc1 Kb7 60. Rxe1 Qxe1 61. Kd3 Re3+ 62. Kd4 Qc3+ 63. Kd5 Re5+ 64. Kd6 Qd4#) 58. Kxc1 e1=Q+ (58... e1=R+ 59. Kd2 Kxc7 60. Kc3 Kb6 61. Kd4 R8e4+ 62. Kc3 Kc5 63. Kc2 Kc4 64. Kb2 R4e2+ 65. Ka3 Ra1#) 59. Kc2 Re2+ (59... Kxc7 60. a5 Qf2+ 61. Kb3 Qg3+ 62. Kc4 Re4+ 63. Kd5 Qe5#) 60. Kb3 Re3+ (60... Kxc7 61. b6+ Kxb6 62. Kc4 Re3 63. a5+ Qxa5 64. Kd4 Qc5#) 61. Kc2 Qf2+ 62. Kd1 Re1#) 51... Rf8 52. Kf1 $2 (52. Kxg3 f1=Q (52... f1=R 53. Ng2 $15) 53. c8=R Qf4+ (53... Rxc8 54. Rxc8 Kxc8 55. Ng2 Qf2+ 56. Kh2 e2 57. Kh3 Kb8 58. a5 Ka7 59. b6+ Kb7 60. Ne1 Qxe1 61. a6+ Kxb6 62. a7 Qh1+ 63. Kg4 Kxa7 64. Kg5 e1=Q 65. Kg4 Qhh4+ 66. Kf5 Qee4#) 54. Kh3 Rxc8 55. Rxc8 Kxc8 56. Ng2 Qf3+ (56... Qxa4 57. Nxe3 Qa3 58. Kg4 Qxe3 59. b6 Kb7 60. Kf5 Kxb6 61. Kg4 Kc5 62. Kf5 Kd6 63. Kf6 Qf4+ 64. Kg6 Ke6 65. Kh5 Qg3 66. Kh6 Kf6 67. Kh7 Qg7#) 57. Kh2 Qf2 58. Kh3 e2 59. a5 Kb7 (59... e1=R 60. Nxe1 Qxe1 61. a6 Qg1 62. a7 Qxa7 63. Kg3 Qb8+ 64. Kg4 Qxb5 65. Kf3 Qd3+ 66. Kg2 Qe2+ 67. Kg3 Kd7 68. Kf4 Ke6 69. Kg5 Qf3 70. Kh4 Qg2 71. Kh5 Kf5 72. Kh6 Qg6#) 60. a6+ Kb6 61. a7 Kxa7 (61... e1=R $2 62. a8=Q $19) 62. Kg4 Qxg2+ 63. Kf5 e1=Q (63... e1=R 64. b6+ Kxb6 65. Kf4 Qf2+ 66. Kg5 Rg1+ 67. Kh6 Qh4#) 64. b6+ Kxb6 65. Kf6 Qf3+ 66. Kg6 Qeg3+ 67. Kh7 Qh5#) (52. Nf5 $18 {[%cal Ob5b6] is more deadly. Threatening mate with b6!} e2 53. c8=Q+ (53. Nxg3 f1=Q+ 54. Nxf1 exf1=Q+ 55. Kh2 Rh8+ 56. Kg3 Rg8+ 57. Kh2 Qg1+ 58. Kh3 Rh8#) 53... Rxc8 54. Rd2+ (54. Rxe2 Rc4 $18) 54... Kc7 55. Rxe2 (55. Nxg3 $2 f1=Q+ 56. Nxf1 e1=Q $19)) 52... Kc8 $2 (52... e2+ $16 53. Rxe2 Kxc7) 53. b6 {[%emt 0:02:50] White mates.} Rh8 {[%emt 0:00:24] [#]} 54. Ke2 $1 Rf8 {[%emt 0:03:39] [#]} (54... Rg8 55. Rc1) 55. Rc1 $1 (55. Kxe3 $2 {perishes.} f1=Q (55... f1=R 56. a5 $11) 56. b7+ Kxb7 57. c8=B+ Rxc8 $19) 55... Kb7 56. c8=Q+ {[%emt 0:00:39] Quite a comeback for White.   Weighted Error Value: White=0.75/Black=0.72.  Loses game:     	---       	Black=1      Missed win:     	---       	Black=1      Mistake:       	White=7     	Black=7      Inaccurate:     	White=2     	Black=4      OK:         	White=12    	Black=8      Best:        	White=2     	Black=6      Strong:       	White=1     	Black=2} ({Less strong is} 56. Kxe3 f1=Q 57. c8=Q+ (57. Rxf1 Rxf1 58. a5 Rc1 $11) 57... Rxc8 $14) 1-0

[Event "14th Karen Asrian Memorial 2024"]
[Site "Yerevan"]
[Date "2024.04.26"]
[Round "3.7"]
[White "Pranesh M"]
[Black "Melkonyan, Arshak"]
[Result "1-0"]
[ECO "C05"]
[WhiteElo "2538"]
[BlackElo "2170"]
[Annotator "TA"]
[PlyCount "53"]
[EventDate "2024.04.24"]
[EventType "swiss"]
[EventCountry "ARM"]
[SourceTitle "playchess.com"]
[Source "ChessBase"]
[SourceQuality "1"]
[TimeControl "40/5400+30:1800+30"]

1. e4 e6 2. d4 d5 3. Nc3 Nf6 4. e5 Nfd7 5. f4 c5 6. Nf3 Nc6 7. Ne2 a6 8. c3 b5 9. g3 Bb7 {[%emt 0:01:42] The position is equal.} 10. Bh3 g6 11. O-O cxd4 12. cxd4 h5 13. Ng5 Ne7 14. f5 Nxf5 {[%emt 0:17:03] [#]} 15. Nf4 Qb6 $15 (15... Qxg5 16. Nxe6 Qe7 17. Nc7+ Kd8 18. Nxa8 Bxa8 19. Bd2 $16) 16. Ngxe6 fxe6 17. Nxg6 {[%emt 0:00:13] [#]} Rg8 (17... Rh7 $1 $17 18. Bxf5 exf5) 18. Bxf5 (18. Qxh5 $2 Qxd4+ 19. Kh1 Qe4+ 20. Bg2 Nxg3+ 21. hxg3 Qxg6 $19) (18. Nxf8 $11 {feels stronger.} Nxf8 19. Qxh5+ Rg6 20. Bxf5 (20. Be3 O-O-O $11) 20... Qxd4+ (20... exf5 21. Qxf5 Qxd4+ 22. Rf2 $11) 21. Rf2 exf5 22. Qxf5 Qd1+ 23. Rf1 Qd4+ 24. Rf2 Qd1+ 25. Rf1 Qd4+ 26. Rf2) 18... exf5 19. Nh4 (19. Nxf8 $1 $11 Nxf8 20. Qxh5+ Ng6 21. Be3) 19... Nxe5 $2 (19... O-O-O $17 20. Bf4 Nc5) 20. Qxh5+ $16 (20. Rxf5 Ng6 21. Bg5 Be7 (21... Nxh4 22. Qe2+ Kd7 23. Rf7+) 22. Bxe7 (22. Qxh5 $2 O-O-O $17) 22... Nxe7 $17) 20... Ng6 21. Re1+ (21. Nxf5 O-O-O 22. Bg5 Re8 $17) 21... Kd8 22. Nxf5 {[%emt 0:02:55] And now Qh7 would win.} Be7 $2 (22... Rh8 23. Qg5+ Kc8) 23. Nxe7 $18 {[%emt 0:05:19] White is clearly winning.} Nxe7 24. Qh4 (24. Rxe7 $142 {White threatens Bg5 and mate.} Kxe7 25. Bg5+ (25. Qh7+ Ke8 $18) 25... Rxg5 26. Re1+ (26. Qxg5+ Kd7 $11) 26... Kd7 27. Qf7+ (27. Qxg5 $2 {perishes.} Qxd4+ 28. Qe3 Qxe3+ 29. Rxe3 Kd6 $19) 27... Kc8 28. Re8+ Qd8 29. Rxd8+ (29. Qe7 Qxe8 30. Qxe8+ Kc7 $18) 29... Kxd8 30. Qf6+ (30. Qxb7 Rc8 $18) 30... Kc7 31. Qxg5) 24... Rg7 25. Bg5 Rxg5 26. Qxg5 Qxd4+ 27. Re3 {[%emt 0:00:26] Weighted Error Value: White=0.55/Black=0.38.  Mistake:       	White=3     	Black=3      Inaccurate:     	White=4     	Black=1      OK:         	White=2     	Black=4      Best:        	White=5     	Black=2} 1-0